 Dungeon Crawl Stone Soup version 0.31.0-12-g77e489cdc1 (webtiles) character file.

Game seed: 14744013041319730400

3606 hawla the Fighter (level 9, -1/83 HPs)
             Began as a Minotaur Fighter on Feb 19, 2024.
             Was an Initiate of Yredelemnul.
             Slain by a two-headed ogre
             ... wielding a +0 giant club
              (17 damage)
             ... on level 9 of the Dungeon.
             The game lasted 00:10:25 (5290 turns).

hawla the Fighter (Minotaur Fighter)                Turns: 5290, Time: 00:10:26

Health: -1/83      AC: 11    Str: 24    XL:     9   Next: 86%
Magic:  12/12      EV: 10    Int:  5    God:    Yredelemnul [......]
Gold:   974        SH:  5    Dex: 16    Spells: 8/8 levels left

rFire   . . .        b - +8 morningstar of Voruo {freeze, Dex+5}
rCold   . . .        c - +0 buckler
rNeg    . . .        r - +0 plate armour
rPois   .            (helmet restricted)
rElec   .            (no cloak)
rCorr   .            (no gloves)
SInv    +            (no boots)
Will    .....        k - amulet of regeneration Stlth
                     d - ring of see invisible
HPRegen 1.13/turn    (no ring)
MPRegen 0.13/turn

%: no passive effects
@: no status effects
A: horns 2, retaliatory headbutt
a: Renounce Religion, Recall Undead Harvest


You were on level 9 of the Dungeon.
You worshipped Yredelemnul.
Yredelemnul was noncommittal.
You visited 1 branch of the dungeon, and saw 9 of its levels.

You collected 974 gold pieces.

Inventory:

Hand Weapons
 b - the +8 morningstar of Voruo (weapon) {freeze, Dex+5}
   (You found it on level 3 of the Dungeon)

   Dex+5:     It affects your dexterity (+5).
Missiles
 i - 18 poisoned darts (quivered)
Armour
 c - a +0 buckler (worn)
 r - a +0 plate armour (worn)
Jewellery
 d - a ring of see invisible (left hand)
 k - an amulet of regeneration (around neck)
Wands
 l - a wand of roots (10)
 m - a wand of digging (3)
 s - a wand of flame (29)
 t - a wand of paralysis (8)
 y - a wand of polymorph (3)
Scrolls
 e - 5 scrolls of teleportation
 f - a scroll of silence
 h - a scroll of blinking
 q - a scroll of revelation
 u - a scroll of poison
 v - a scroll of fear
 B - a scroll of enchant weapon {unknown}
Potions
 a - 2 potions of enlightenment {unknown}
 g - 3 potions of heal wounds {unknown}
 j - 3 potions of curing
 n - a potion of magic {unknown}
 o - a potion of cancellation {unknown}
 z - a potion of berserk rage {unknown}
 A - 3 potions of ambrosia {unknown}
 C - a potion of attraction {unknown}
 D - a potion of might


   Skills:
 - Level 9.0 Fighting
 - Level 2.4 Long Blades
 - Level 6.0 Throwing
 - Level 3.6 Armour
 - Level 8.0 Dodging
 - Level 5.0 Shields
 + Level 5.6 Invocations
 - Level 4.0 Evocations


You had 8 spell levels left.
You didn't know any spells.
Your spell library was empty.

Dungeon Overview and Level Annotations

Branches:
Dungeon (9/15)             Temple (0/1) D:5
   Lair: D:8-11         Orc: D:9-12

Altars:
Okawaru
Qazlal
Sif Muna
Trog
Yredelemnul
The Shining One


Innate Abilities, Weirdness & Mutations

You have a pair of horns on your head.
You reflexively headbutt those who attack you in melee.


Message History

A two-headed ogre comes into view. It is wielding two +0 giant clubs.
The two-headed ogre shouts in stereo!
A two-headed ogre is nearby!
A two-headed ogre is nearby!
A two-headed ogre is nearby!
Found a club.
The two-headed ogre hits you with a +0 giant club.
The two-headed ogre hits you with a +0 giant club!
You thump the two-headed ogre! You freeze the two-headed ogre.
Your headbutt misses the two-headed ogre.
The two-headed ogre is moderately wounded.
The two-headed ogre barely misses you. You furiously retaliate!
You headbutt the two-headed ogre.
The two-headed ogre hits you with a +0 giant club!
You puncture the two-headed ogre! You freeze the two-headed ogre.
The two-headed ogre is almost dead.
The two-headed ogre hits you but does no damage. x2
You hit the two-headed ogre but do no damage.
The two-headed ogre is almost dead.
The two-headed ogre closely misses you.
The two-headed ogre hits you with a +0 giant club.
You barely miss the two-headed ogre.
The two-headed ogre is almost dead.
The two-headed ogre hits you with a +0 giant club!!
The two-headed ogre closely misses you.
You are too injured to fight recklessly!
You barely miss the two-headed ogre.
You headbutt the two-headed ogre, but do no damage.
The two-headed ogre is almost dead.
The two-headed ogre hits you with a +0 giant club!!
* * * LOW HITPOINT WARNING * * *
The two-headed ogre barely misses you.
It was a potion of curing.
You feel better.
You hit the two-headed ogre but do no damage.
The two-headed ogre is almost dead.
The two-headed ogre hits you with a +0 giant club!
* * * LOW HITPOINT WARNING * * *
The two-headed ogre hits you with a +0 giant club!
You die...
Your body rises from the dead as a mindless zombie.

...# .# #..# #.# #..#
#.# #..# #.# #..# .
#####.#### #... ...
.........#####.##
)....######...#.##......
......O@....#......##.##
.....######...#.#####.#
....########.##.# #.# #
..........##.# #.#
#########....... ..#
####.### ### #.# #.# #..


You could see a two-headed ogre.

Vanquished Creatures
  A steam dragon (D:5)
  2 water moccasins (D:6)
  2 orc warriors (D:7)
  2 ice beasts
  4 sky beasts
  A black bear (D:6)
  3 ogres
  A centaur (D:8)
  A phantom (D:5)
  A bullfrog (D:8)
  2 gnoll sergeants (D:6)
  2 scorpions (D:7)
  5 wights (D:8)
  5 killer bees (D:8)
  A bombardier beetle (D:5)
  2 howler monkeys
  4 hounds
  3 orc priests
  2 jellies
  6 iguanas
  A sleepcap (D:5)
  Natasha (thrice) (D:2)
  5 orc wizards
  10 gnolls
  8 adders
  2 shadow imps
  2 white imps (D:5)
  3 dart slugs
  A ribbon worm (D:2)
  15 orcs
  4 bats
  5 endoplasms
  5 giant cockroaches
  11 goblins
  8 hobgoblins
  10 jackals
  3 quokkas
  6 ball pythons
  2 frilled lizards
  5 kobolds
  2 rats
161 creatures vanquished.

Vanquished Creatures (collateral kills)
  A killer bee (D:8)
  A hound (D:5)
  A jelly (D:5)
  An iguana (D:7)
  2 orc wizards
  6 orcs (D:8)
12 creatures vanquished.

Vanquished Creatures (others)
  A bullfrog zombie (D:8)
  2 killer bee zombies (D:8)
  3 gnoll zombies (D:6)
  9 orc zombies
15 creatures vanquished.

Grand Total: 188 creatures vanquished

Notes
Turn   | Place    | Note
-------+----------+-------------------------------------------
     0 | D:1      | hawla the Minotaur Fighter began the quest for the Orb.
     0 | D:1      | Reached XP level 1. HP: 19/19 MP: 0/0
    14 | D:1      | Reached XP level 2. HP: 18/26 MP: 1/1
   170 | D:1      | Reached skill level 5 in Shields
   170 | D:1      | Reached skill level 1 in Dodging
   170 | D:1      | Reached XP level 3. HP: 28/31 MP: 2/2
  1102 | D:2      | Reached XP level 4. HP: 37/39 MP: 3/3
  1161 | D:2      | Noticed Natasha
  1168 | D:2      | Killed Natasha
  1257 | D:2      | Noticed Natasha
  1268 | D:2      | Killed Natasha
  1311 | D:2      | Found a faded altar of an unknown god.
  1417 | D:2      | Noticed Natasha
  1425 | D:2      | Killed Natasha
  1426 | D:2      | Reached XP level 5. HP: 41/45 MP: 4/4
  1534 | D:3      | Found a glowing golden altar of the Shining One.
  1535 | D:3      | Found a shimmering blue altar of Sif Muna.
  1647 | D:3      | Identified the +8 morningstar of Voruo {freeze, Dex+5}
  2091 | D:3      | Found a basalt altar of Yredelemnul.
  2093 | D:3      | Found an iron altar of Okawaru.
  2161 | D:4      | Reached skill level 5 in Dodging
  2252 | D:4      | Noticed an ogre
  2257 | D:4      | Killed an ogre
  2258 | D:4      | Reached XP level 6. HP: 24/51 MP: 5/5
  2462 | D:3      | Became a worshipper of Yredelemnul the Dark
  2868 | D:5      | Entered Level 5 of the Dungeon
  2868 | D:5      | Noticed a steam dragon
  2871 | D:5      | Killed a steam dragon
  2873 | D:5      | Reached * piety under Yredelemnul
  2884 | D:5      | Reached XP level 7. HP: 51/57 MP: 6/6
  2888 | D:5      | Reached ** piety under Yredelemnul
  2893 | D:5      | Reached skill level 1 in Evocations
  3002 | D:5      | Reached *** piety under Yredelemnul
  3082 | D:5      | Reached **** piety under Yredelemnul
  3085 | D:5      | Found a staircase to the Ecumenical Temple.
  3098 | D:5      | Found a bloodstained altar of Trog.
  3180 | D:5      | Reached ***** piety under Yredelemnul
  3253 | D:5      | Reached skill level 1 in Throwing
  3253 | D:5      | Reached XP level 8. HP: 60/64 MP: 7/7
  3817 | D:6      | Reached skill level 5 in Throwing
  3857 | D:6      | Reached skill level 4 in Fighting
  3953 | D:7      | Reached skill level 5 in Fighting
  4022 | D:7      | Reached XP level 9. HP: 66/75 MP: 8/8
  4083 | D:7      | Reached skill level 6 in Fighting
  4112 | D:7      | Reached skill level 7 in Fighting
  4185 | D:7      | Reached skill level 8 in Fighting
  4706 | D:8      | Reached skill level 9 in Fighting
  4720 | D:8      | Reached skill level 1 in Invocations
  4829 | D:8      | Found a stormy altar of Qazlal.
  4907 | D:8      | Reached skill level 5 in Invocations
  5211 | D:9      | Identified a scroll of acquirement
  5218 | D:9      | Acquired 490 gold pieces
  5280 | D:9      | Noticed a two-headed ogre
  5290 | D:9      | Slain by a two-headed ogre

Illustrated notes

Levels and vault maps discovered:
D:1:      wander_arrival_peaceful_grave, layout_basic, interstate_on_off
D:2:      layout_rooms, shapermc_ecumenical_altar_flowoftime, uniq_natasha
D:3:      layout_basic, nicolae_overflow_hidden_temple, minmay_pentomino_pile
D:4:      layout_loops_ring
D:5:      layout_cave_pools, bloody_trog, minmay_temple_entry_large_hall
D:6:      layout_gridville
D:7:      layout_loops_cross, corexii_hall_statues_t
D:8:      layout_basic, nicolae_qazlal_beasts_of_the_sky
D:9:      layout_loops_ring, erik_lair_island, minmay_misc_feat_columns

Skill      XL: |  1  2  3  4  5  6  7  8  9 |
---------------+----------------------------+-----
Shields        | 4 5 |  5.0
Dodging        | 1 2 4 5 7 8 |  8.0
Evocations     | 4 |  4.0
Throwing       | 1 6 |  6.0
Fighting       | 5 9 |  9.0
Invocations    | 5 |  5.6
Long Blades    | |  2.4
Armour         | |  3.6

Action                     |  1- 3 |  4- 6 |  7- 9 || total
---------------------------+-------+-------+-------++-------
  Melee: Long sword        |    70 |    68 |       ||   138
         Headbutt          |    16 |    10 |    32 ||    58
         Morningstar       |       |    39 |   156 ||   195
    Use: Scroll            |       |       |    12 ||    12
         Potion            |       |       |     2 ||     2
   Stab: Distracted        |       |       |     1 ||     1
 Armour: Scale mail        |    59 |    34 |       ||    93
         Chain mail        |       |    44 |       ||    44
         Plate armour      |       |    10 |   151 ||   161
  Dodge: Dodged            |    42 |    53 |    97 ||   192
  Block: Buckler           |    19 |    30 |    49 ||    98
